 Dungeon Sprint DCSS version 0.28-a0-1435-g82390b3a13 (webtiles) character file.

Game seed: 6205344284629043538

7325 mhtbhm the Fencer (level 10, -4/156 HPs)
             Began as a Minotaur Fighter on Jan 10, 2022.
             Was an Initiate of Gozag.
             Slain by an alligator snapping turtle (16 damage)
             ... called by a spriggan druid
             ... in the Dungeon (Sprint VII: "The Pits").
             The game lasted 00:06:31 (3071 turns).

mhtbhm the Fencer (Minotaur Fighter)                Turns: 3071, Time: 00:06:32

Health: -4/156     AC: 25    Str: 24 (25) XL:     10   Next: 90%
Magic:  2/9        EV:  2    Int:  2 (5)  God:    Gozag
Gold:   1328       SH:  6    Dex:  9 (10) Spells: 9/9 levels left

rFire   + . .      SeeInvis .   a - +2 scimitar (pain)
rCold   + . .      Faith    .   c - +0 buckler
rNeg    . . .      Spirit   .   (armour currently unavailable)
rPois   +          Reflect  .   (helmet currently unavailable)
rElec   +          Harm     .   (cloak currently unavailable)
rCorr   +          Rampage  .   (gloves currently unavailable)
Will    .....      NoTele   +   (boots currently unavailable)
Stlth   +.........              (no amulet)
HPRegen 0.36/turn               (no ring)
MPRegen 0.11/turn               (no ring)

@: mighty, tree-form, resistant, gold aura, on berserk cooldown, hasted and
slowed, invisible
A: stationary, stasis, torment immunity, boosted hp, (horns 2), (retaliatory
headbutt)
a: End Transformation, Renounce Religion, Potion Petition, Call Merchant, Bribe
Branch


You were in the Dungeon.
You worshipped Gozag.
Gozag was most pleased with you.
You were a tree.
You visited 1 branch You collected 2862 gold pieces.
You paid 1534 gold pieces to Gozag.

Inventory:

Hand Weapons
 a - a +2 scimitar of pain (weapon)
 s - a +2 long sword of holy wrath
Missiles
 e - 3 boomerangs (quivered)
Armour
 b - a +4 chain mail (melded)
 c - a +0 buckler (worn)
 r - a +0 cloak (melded)
Jewellery
 o - a +3 ring of protection
 p - a +3 ring of protection
Scrolls
 k - 5 scrolls of amnesia
Potions
 h - 4 potions of magic
 i - 2 potions of berserk rage
 m - 2 potions of heal wounds
 n - 9 potions of curing
 q - 2 potions of brilliance


   Skills:
 + Level 14.8 Fighting
 + Level 16.3 Long Blades
 + Level 15.0 Armour
 + Level 8.4 Dodging
 - Level 1.3 Stealth
 + Level 12.3 Shields
 * Level 6.4 Necromancy


You had 9 spell levels left.
You didn't know any spells.
Your spell library was empty.

Dungeon Overview and Level Annotations

Branches:
Dungeon (1/1)

Altars:
Ashenzari
Cheibriados
Dithmenos
Elyvilon
Fedhas
Gozag
Hepliaklqana
Kikubaaqudgha
Makhleb
Nemelex Xobeh
Okawaru
Qazlal
Ru
Sif Muna
Trog
Uskayaw
Vehumet
Wu Jian
Xom
Yredelemnul
Zin
The Shining One
Beogh
Jiyva
Lugonu


Innate Abilities, Weirdness & Mutations

You are a tree.
Your roots penetrate the ground, keeping you stationary.
You cannot be teleported.
You are immune to unholy pain and torment.
Your maximum health is greatly increased.
Your equipment is partially melded.
((You have a pair of horns on your head.))
((You reflexively headbutt those who attack you in melee.))


Message History

You cannot move.
You cannot move.
You cannot move.
The river rat is no longer distracted by gold.
The komodo dragon is distracted by your dazzling golden aura.
You feel a strong urge to attack something.
The alligator snapping turtle is no longer distracted by gold.
The wolf bites you but does no damage.
The wolf is distracted by your dazzling golden aura.
Unknown command.
Unknown command.
You feel your anger nearly subside.
You are no longer berserk.
You are exhausted.
You feel yourself slow down.
The yak is no longer distracted by gold.
Unknown command.
The yak is no longer distracted by gold.
The wolf is distracted by your dazzling golden aura.
The yak is distracted by your dazzling golden aura.
Something hits you.
* * * LOW HITPOINT WARNING * * *
Something hits you!
* * * LOW HITPOINT WARNING * * *
You feel clumsy.
Something stings you but does no damage.
The redback is distracted by your dazzling golden aura.
The alligator snapping turtle bites you!!
* * * LOW HITPOINT WARNING * * *
The wolf howls!
The komodo dragon hisses angrily.
The redback is no longer distracted by gold.
The wolf is no longer distracted by gold.
The komodo dragon is no longer distracted by gold.
The river rat is distracted by your dazzling golden aura.
Something hits you but does no damage. x2
Something stings you but does no damage.
The wolf is distracted by your dazzling golden aura.
The alligator snapping turtle bites you!
You die...
Your body crumbles into a pile of gold.

.)'................''..##########
###......#..#......##...........)
[##................##............
)#####'#####''###################
)##.......##')# )##.......##.)##
# .##.......##...## ○#
###...<...###..{##h##r.#
.##.......# ##.{♣tYOsl..
.##.......# #..###h###..
###.......##..## Y. .
##########.. ..' ############..
##. #....#.[..###. #....#..[[#
)....'..))# #....#..))#


You could see an alligator snapping turtle, a komodo dragon, 2 yaks, a redback,
an ogre, 2 wolves and a river rat (unaware).

Vanquished Creatures
  A boulder beetle (D)
  A merfolk avatar (D)
  A two-headed ogre (D)
  A sea snake (D)
  A spriggan druid (D)
  An orc knight (D)
  A deep elf pyromancer (D)
  A deep elf zephyrmancer (D)
  A smoke demon (D)
  2 trolls (D)
  A tyrant leech (D)
  2 tarantellas (D)
  A snapping turtle (D)
  A wraith (D)
  A yak (D)
  A fire bat (D)
  A basilisk (D)
  A warg (D)
  A floating eye (D)
  An ogre (D)
  4 wolves (D)
  A centaur (D)
  A phantom (D)
  A gnoll sergeant (D)
  4 scorpions (D)
  A jelly (D)
  A hound (D)
  An orc priest (D)
  5 orc wizards (D)
  3 gnolls (D)
  An ufetubus (D)
  3 orcs (D)
  A ball python (D)
  A bat (D)
  A goblin (D)
  2 jackals (D)
  A ball python zombie (D)
  2 rats (D)
56 creatures vanquished.

Notes
Turn   | Place    | Note
-------+----------+-------------------------------------------
     0 | D        | mhtbhm the Minotaur Fighter began the quest for the Orb.
     0 | D        | Reached XP level 1. HP: 19/19 MP: 0/0
    11 | D        | Noticed an orc wizard
    15 | D        | Noticed a hound
    22 | D        | Killed a hound
    23 | D        | Reached skill level 5 in Fighting
    23 | D        | Reached skill level 3 in Long Blades
    23 | D        | Reached skill level 5 in Armour
    23 | D        | Reached skill level 5 in Shields
    23 | D        | Reached XP level 2. HP: 19/29 MP: 1/1
    23 | D        | Reached XP level 3. HP: 23/36 MP: 2/2
    48 | D        | Reached skill level 4 in Long Blades
   119 | D        | Found a bloodstained altar of Trog.
   119 | D        | Found a shimmering blue altar of Sif Muna.
   119 | D        | Found a viscous altar of Jiyva.
   119 | D        | Found a hazy altar of Hepliaklqana.
   119 | D        | Found an opulent altar of Gozag.
   130 | D        | Found a glowing golden altar of the Shining One.
   130 | D        | Found a glowing silver altar of Zin.
   130 | D        | Found a basalt altar of Yredelemnul.
   130 | D        | Found a shimmering altar of Xom.
   130 | D        | Found an ornate altar of the Wu Jian Council.
   130 | D        | Found a sacrificial altar of Ru.
   130 | D        | Found a stormy altar of Qazlal.
   130 | D        | Found an iron altar of Okawaru.
   130 | D        | Found a sparkling altar of Nemelex Xobeh.
   130 | D        | Found a burning altar of Makhleb.
   130 | D        | Found a blossoming altar of Fedhas.
   130 | D        | Found a white marble altar of Elyvilon.
   130 | D        | Found a shadowy altar of Dithmenos.
   130 | D        | Found a snail-covered altar of Cheibriados.
   134 | D        | Found a corrupted altar of Lugonu.
   134 | D        | Found a radiant altar of Vehumet.
   135 | D        | Found a broken altar of Ashenzari.
   135 | D        | Found an ancient bone altar of Kikubaaqudgha.
   135 | D        | Found a hide-covered altar of Uskayaw.
   143 | D        | Became a worshipper of Gozag Ym Sagoz the Greedy
   156 | D        | Noticed a floating eye
   158 | D        | Paralysed by a floating eye for 3 turns
   161 | D        | Killed a floating eye
   162 | D        | Reached skill level 5 in Long Blades
   162 | D        | Reached XP level 4. HP: 47/47 MP: 3/3
   162 | D        | Reached XP level 5. HP: 52/52 MP: 4/4
   233 | D        | Reached skill level 6 in Long Blades
   233 | D        | Reached skill level 1 in Dodging
   236 | D        | Reached skill level 7 in Long Blades
   236 | D        | Reached XP level 6. HP: 48/62 MP: 5/5
   436 | D        | Reached skill level 8 in Long Blades
   470 | D        | Reached skill level 10 in Fighting
   470 | D        | Reached skill level 9 in Long Blades
   470 | D        | Reached skill level 10 in Armour
   470 | D        | Reached XP level 7. HP: 28/72 MP: 6/6
   908 | D        | Reached skill level 10 in Long Blades
   978 | D        | Noticed a fire bat
   984 | D        | Killed a fire bat
  1103 | D        | Reached skill level 11 in Long Blades
  1219 | D        | Noticed a tarantella
  1219 | D        | Noticed a deep elf zephyrmancer
  1234 | D        | Killed a tarantella
  1235 | D        | Reached skill level 5 in Dodging
  1235 | D        | Reached skill level 1 in Stealth
  1235 | D        | Reached XP level 8. HP: 69/82 MP: 7/7
  1242 | D        | Killed a deep elf zephyrmancer
  1243 | D        | Reached skill level 12 in Long Blades
  1560 | D        | Noticed a snapping turtle
  1582 | D        | Killed a snapping turtle
  1583 | D        | Reached skill level 13 in Long Blades
  1583 | D        | Reached skill level 10 in Shields
  1583 | D        | Reached skill level 1 in Necromancy
  1883 | D        | Noticed a troll
  1884 | D        | Noticed a deep elf pyromancer
  1884 | D        | Noticed an orc knight
  1884 | D        | Noticed a troll
  1891 | D        | Killed a troll
  1892 | D        | Reached XP level 9. HP: 91/91 MP: 8/8
  1893 | D        | Killed a troll
  1912 | D        | Killed a deep elf pyromancer
  1913 | D        | Reached skill level 14 in Long Blades
  1921 | D        | Killed an orc knight
  2212 | D        | Noticed a sea snake
  2226 | D        | Killed a sea snake
  2227 | D        | Reached skill level 15 in Long Blades
  2227 | D        | Reached XP level 10. HP: 58/101 MP: 9/9
  2405 | D        | Noticed a merfolk avatar
  2406 | D        | Noticed a smoke demon
  2419 | D        | Killed a smoke demon
  2429 | D        | Killed a merfolk avatar
  2430 | D        | Reached skill level 5 in Necromancy
  2566 | D        | Noticed a boulder beetle
  2894 | D        | Killed a boulder beetle
  3002 | D        | Noticed a two-headed ogre
  3004 | D        | Noticed a spriggan druid
  3019 | D        | Killed a two-headed ogre
  3020 | D        | Reached skill level 16 in Long Blades
  3025 | D        | Noticed an alligator snapping turtle
  3032 | D        | Killed a spriggan druid
  3066 | D        | Reached skill level 15 in Armour
  3071 | D        | Slain by an alligator snapping turtle

Illustrated notes

Levels and vault maps discovered:
D:        pitsprint [storerooms_1, entrance_room_1, metal_vault_5, armoury_1,
          mini_pit_1, grid_room_1, main_hall_1, silver_pit, the_coven_2,
          the_vestibule_1, steel_vault_5, golden_pit, hallway_of_sentries,
          crystal_vault_4, iron_vault_4, final_vault]

Skill      XL: |  1  2  3  4  5  6  7  8  9 10 |
---------------+-------------------------------+-----
Fighting       | 5 7 8 10 11 12 13 14 | 14.8
Armour         | 5 7 8 10 11 13 15 | 15.0
Shields        | 5 7 8 9 10 11 12 | 12.3
Long Blades    | 3 5 7 9 11 13 15 16 | 16.3
Dodging        | 1 2 5 6 7 8 |  8.4
Stealth        | 1 |  1.3
Necromancy     | 2 4 6 |  6.4

Action                   |  1- 3 |  4- 6 |  7- 9 | 10-12 || total
-------------------------+-------+-------+-------+-------++-------
Melee: Long sword        |    24 |    30 |    72 |    15 ||   141
       Headbutt          |     1 |    10 |    21 |    18 ||    50
       Falchion          |     3 |    20 |       |       ||    23
       Scimitar          |       |       |    39 |    72 ||   111
Invok: Potion Petition   |       |       |     2 |     2 ||     4
  Use: Potion            |     2 |     2 |     3 |     8 ||    15
       Scroll            |       |       |       |     2 ||     2
 Stab: Invisible         |       |       |     4 |       ||     4
Armor: Scale mail        |    25 |     2 |       |       ||    27
       Ring mail         |       |    18 |    18 |       ||    36
       Chain mail        |       |       |    20 |    28 ||    48
       Skin              |       |       |       |    22 ||    22
Dodge: Dodged            |     6 |    21 |    41 |    19 ||    87
Block: Buckler           |     1 |    10 |    27 |    18 ||    56

Table legend: (Time is in decaauts)
 A = Elapsed time spent in this place.
 B = Non-inter-level travel time spent in this place.
 C = Inter-level travel time spent in this place.
 D = Time resting spent in this place.
 E = Time spent auto-exploring this place.
 F = Levels seen in this place.
 G = Mean time per level.
                   A        B        C        D        E       F      G
               +--------+--------+--------+--------+--------+-----+--------+
         Total |   3015 |   3015 |      0 |   2152 |     47 |   1 | 3015.0 |
       Dungeon |   3015 |   3015 |      0 |   2152 |     47 |   1 | 3015.0 |
               +--------+--------+--------+--------+--------+-----+--------+

Top non-repeatable levels by time:
       D: 3015 daAuts
